 Dungeon Crawl Stone Soup version 0.21-a0-414-gba8bdf1 (webtiles) character file.

5766 graki42 the Thaumaturge (level 10, -13/51 HPs)
             Began as a Deep Elf Fire Elementalist on Nov 2, 2017.
             Was an Initiate of Vehumet.
             Engulfed by a cloud of flame (22 damage)
             ... on level 8 of the Dungeon on Nov 3, 2017.
             The game lasted 00:40:45 (8652 turns).

graki42 the Thaumaturge (DEFE)                      Turns: 8652, Time: 00:40:46

Health: -13/51     AC:  5    Str:  8    XL:     10   Next: 49%
Magic:  6/27       EV: 16    Int: 21    God:    Vehumet [......]
Gold:   195        SH:  0    Dex: 20    Spells: 12/32 levels left

rFire    . . .     SeeInvis +   u - +2 quarterstaff (chaos)
rCold    + . .     Gourm    .   (shield currently unavailable)
rNeg     . . .     Faith    .   p - +2 robe {rC+}
rPois    .         Spirit   .   y - +0 helmet {SInv}
rElec    .         Reflect  .   w - -2 cloak
rCorr    .         Harm     .   m - +0 pair of gloves
MR       +....                  (no boots)
Stlth    +++.......             (no amulet)
HPRegen  0.17/turn              C - +5 ring of dexterity
MPRegen  0.20/turn              (no ring)

@: no status effects
A: no striking features
a: Renounce Religion


You were on level 8 of the Dungeon.
You worshipped Vehumet.
Vehumet was noncommittal.
You were near starving.

You visited 2 branches of the dungeon, and saw 9 of its levels.
You also visited: Sewer.

You collected 313 gold pieces.
You spent 118 gold pieces at shops.

Inventory:

Hand Weapons
 k - a +0 blowgun
 u - a +2 quarterstaff of chaos (weapon)
Missiles
 n - 3 curare-tipped needles
Armour
 m - a +0 pair of gloves (worn)
 p - a +2 robe of cold resistance (worn)
 w - a -2 cloak (worn)
 y - a +0 helmet of see invisible (worn)
Jewellery
 C - a +5 ring of dexterity (left hand)
Wands
 b - a wand of polymorph (11/24)
Scrolls
 f - a scroll of enchant weapon {unknown}
 j - 6 scrolls of recharging
 r - 9 scrolls of teleportation
 s - 3 scrolls of identify
 t - a scroll of remove curse
 E - 3 scrolls of magic mapping
Potions
 a - a potion of ambrosia
 d - 4 potions of degeneration
 e - 2 potions of curing
 g - a potion of resistance
 h - 2 potions of lignification
 i - 3 potions of cancellation
 o - a potion of invisibility
 z - 2 potions of might
 A - 2 potions of magic
Books
 D - a book of Conjurations

   Spells                             Type                      Level
   a - Magic Dart                     Conjuration                  1
   b - Searing Ray                    Conjuration                  2
   c - Dazzling Spray                 Conjuration/Hexes            3
   d - Fulminant Prism                Conjuration/Hexes            4
   e - Force Lance                    Conjuration/Translocation    4
   f - Iskenderun's Mystic Blast      Conjuration                  4
Comestibles
 c - 5 bread rations
 l - a royal jelly
 q - 3 meat rations


   Skills:
 + Level 0.3 Fighting
 + Level 5.9 Dodging
 + Level 4.4 Stealth
 + Level 11.6 Spellcasting
 + Level 8.8 Conjurations
 + Level 2.5 Hexes
 + Level 9.9 Fire Magic


You had 12 spell levels left.
You knew the following spells:

 Your Spells              Type           Power        Failure   Level  Hunger
a - Flame Tongue          Conj/Fire      #####        1%          1    None
b - Conjure Flame         Conj/Fire      ######..     1%          3    None
c - Inner Flame           Hex/Fire       #####...     1%          3    None
d - Sticky Flame          Conj/Fire      ######..     1%          4    #......
e - Fireball              Conj/Fire      ######....   3%          5    ####...
f - Iskenderun's Mystic   Conj           #####...     1%          4    #......


Dungeon Overview and Level Annotations

Branches:
Dungeon (8/15)             Temple (1/1) D:5
   Lair: D:8-11

Altars:
Ashenzari
Cheibriados
Dithmenos
Elyvilon
Fedhas
Gozag
Hepliaklqana
Kikubaaqudgha
Makhleb
Nemelex Xobeh
Okawaru
Qazlal
Ru
Sif Muna
Trog
Uskayaw
Vehumet
Wu Jian
Xom
Yredelemnul
Zin
The Shining One

Shops:
D:5 :=   D:6 *[?!(


Message History

The yak is engulfed in blazing flames.
The yak barely misses you.
The hog burns!
The yak is engulfed in blazing flames.
The yak misses you.
The hog burns!
The hog explodes!
The fiery explosion engulfs you!
Ouch! That really hurt!
* * * LOW HITPOINT WARNING * * *
The fiery explosion engulfs the yak.
The yak is severely wounded.
Vehumet accepts your kill.
The yak is engulfed in blazing flames.
You kill the yak!
Vehumet accepts your kill.
Okay, then.
You feel much better.
You are engulfed in blazing flames.
* * * LOW HITPOINT WARNING * * *
You feel much better.
You are engulfed in blazing flames.
* * * LOW HITPOINT WARNING * * *
You are engulfed in blazing flames.
You die...

#..,,**,*##########>##.## ##.
##.#,**,*#..........###.###..
*,,,,,,*#.##.##.#### ##.#.##
**#.#####.##.##.# #..###
*,#.......^.##.# #..#..
*#.#####.#####.# #..#.# ***
#.#####.# #..... #.......#
##.... ###@§###########....
#§§§p..%%#........
##§#h...%#####....
###*#'#######....
*,,...#.....#..
*,,,..##.......
*****###.##.#.. ###.##.#..
#......#..


You could see a hog and a human (inner flame).

Vanquished Creatures
  2 two-headed ogres (D:8)
  The ghost of Scuka the Skirmisher, a novice TrMo (D:4)
  A hippogriff (D:8)
  A yak (D:8)
  3 hungry ghosts
  2 hogs (D:8)
  A black bear (D:7)
  A sky beast (D:7)
  An eye of draining (D:8)
  3 ogres
  2 orc warriors
  2 centaurs (D:7)
  3 bullfrogs
  The ghost of graki42 the Magician, an amateur DEFE (D:3)
  A scorpion (D:4)
  4 killer bees (D:7)
  5 wights (D:7)
  2 howler monkeys (D:6)
  3 crimson imps (D:7)
  4 jellies
  A quasit (D:7)
  Crazy Yiuf (D:7)
  An orc priest (D:4)
  5 hounds
  8 orc wizards
  3 bullfrog skeletons
  2 centaur skeletons
  2 iguanas
  Natasha (thrice) (D:3)
  Terence (D:3)
  9 worker ants
  A hound zombie (D:6)
  Robin (D:3)
  A howler monkey skeleton (D:7)
  7 adders
  4 shadow imps
  4 oozes
  An adder zombie (D:7)
  5 adder skeletons
  8 worms
  A dart slug (D:3)
  8 leopard geckos
  15 orcs
  15 bats
  8 giant cockroaches
  11 goblins
  6 hobgoblins
  15 jackals
  4 quokkas
  2 ball pythons
  2 frilled lizards
  6 kobolds
  A leopard gecko skeleton (D:5)
  A quokka skeleton (D:6)
  14 rats
  A fungus (D:7)
221 creatures vanquished.

Notes
Turn   | Place    | Note
-------+----------+-------------------------------------------
     0 | D:1      | graki42 the Deep Elf Fire Elementalist began the quest for the Orb.
     0 | D:1      | Reached XP level 1. HP: 10/10 MP: 6/6
   254 | D:1      | Reached XP level 2. HP: 15/15 MP: 4/8
   587 | D:2      | You fall through a shaft!
   656 | D:3      | Noticed Natasha
   660 | D:3      | Killed Natasha
   660 | D:3      | Reached XP level 3. HP: 15/19 MP: 3/10
   664 | D:3      | Noticed Terence
   738 | D:3      | Noticed Natasha
   747 | D:3      | Killed Natasha
   747 | D:3      | Reached skill level 4 in Spellcasting
   747 | D:3      | Reached XP level 4. HP: 21/24 MP: 2/12
   868 | D:3      | Found a glowing drain.
   879 | Sewer    | Entered a sewer
  1452 | Sewer    | Reached XP level 5. HP: 28/28 MP: 10/13
  1575 | Sewer    | Learned a level 3 spell: Conjure Flame
  1579 | Sewer    | Learned a level 3 spell: Inner Flame
  1939 | D:3      | Noticed Natasha
  1953 | D:3      | Killed Natasha
  1953 | D:3      | Reached skill level 5 in Fire Magic
  2056 | D:3      | Noticed graki42's ghost (amateur DEFE)
  2062 | D:3      | Killed graki42's ghost
  2062 | D:3      | Reached skill level 5 in Spellcasting
  2062 | D:3      | Reached XP level 6. HP: 25/32 MP: 1/15
  2262 | D:3      | Killed Terence
  2367 | D:3      | Noticed Robin
  2375 | D:3      | Killed Robin
  2926 | D:2      | Learned a level 4 spell: Sticky Flame
  3625 | D:4      | Reached skill level 6 in Spellcasting
  3792 | D:4      | Reached XP level 7. HP: 34/36 MP: 10/18
  4166 | D:4      | Noticed Scuka's ghost (novice TrMo)
  4178 | D:4      | Killed Scuka's ghost
  4178 | D:4      | Reached skill level 7 in Spellcasting
  4421 | D:4      | Reached XP level 8. HP: 37/41 MP: 13/20
  4485 | D:5      | Entered Level 5 of the Dungeon
  4504 | D:5      | Found Yshroopi's Jewellery Shoppe.
  4522 | D:5      | Found a staircase to the Ecumenical Temple.
  4531 | Temple   | Entered the Ecumenical Temple
  4610 | D:5      | Found Anat's Book Shop.
  4644 | D:5      | Learned a level 5 spell: Fireball
  4823 | D:5      | Found a shimmering altar of Xom.
  4823 | D:5      | Found a shimmering altar of Xom.
  4824 | D:5      | Found a shimmering altar of Xom.
  4887 | D:5      | Reached skill level 5 in Conjurations
  5189 | D:6      | Reached skill level 8 in Spellcasting
  5545 | D:6      | Found Kalo's General Store.
  5678 | D:6      | Found Owaemig's Antique Armour Boutique.
  5686 | D:6      | Bought a runed robe for 118 gold pieces
  5698 | D:6      | Reached skill level 9 in Spellcasting
  5857 | D:6      | Found Sargh's Antique Weapon Shoppe.
  5910 | D:6      | Found Ceomyvisch's Magic Scroll Boutique.
  5976 | D:6      | Found Qyrigyep's Distillery.
  6154 | D:7      | Reached XP level 9. HP: 43/45 MP: 16/24
  6668 | D:7      | Reached skill level 1 in Hexes
  6810 | D:7      | Reached skill level 10 in Spellcasting
  6825 | D:7      | Reached skill level 5 in Dodging
  6996 | D:7      | Learned a level 4 spell: Iskenderun's Mystic Blast
  7812 | D:7      | Found a runed door.
  7816 | D:7      | Noticed Crazy Yiuf
  7820 | D:7      | Killed Crazy Yiuf
  7891 | D:8      | Noticed a two-headed ogre
  7903 | D:8      | Killed a two-headed ogre
  7903 | D:8      | Reached skill level 11 in Spellcasting
  7903 | D:8      | Reached XP level 10. HP: 51/51 MP: 9/27
  7944 | D:8      | Noticed a two-headed ogre
  8108 | D:8      | Killed a two-headed ogre
  8269 | D:8      | Found a sacrificial altar of Ru.
  8280 | D:8      | Found a shattered altar of Ashenzari.
  8285 | D:8      | Found a radiant altar of Vehumet.
  8289 | D:8      | Became a worshipper of Vehumet
  8295 | D:8      | Found a snail-covered altar of Cheibriados.
  8300 | D:8      | Found an ancient bone altar of Kikubaaqudgha.
  8311 | D:8      | Found a shadowy altar of Dithmenos.
  8321 | D:8      | Found an iron altar of Okawaru.
  8649 | D:8      | HP: 2/51 [hog/exploding inner flame[the player character] (49)]
  8652 | D:8      | Engulfed by a cloud of flame

Vault maps used:
D:1:      shiori_arrival_maze
D:3:      cheibrodos_sewer_entry_bend, grunt_ministairs_14, uniq_robin,
          uniq_terence, uniq_natasha
D:4:      first_bread
D:5:      minmay_temple_entry_large_hall, serial_shops, shop,
          nicolae_shop_waterfront, zaba_anthole, xom_redecorated
D:6:      serial_shops, nicolae_shop_stone, shop, kennysheep_little_box, shop,
          shop
D:7:      grunt_ministairs_7, uniq_crazy_yiuf_cottage
D:8:      grunt_temple_overflow_octagram, grunt_livestock,
          hangedman_decor_clover_reticule, minmay_misc_feat_four_crosses,
          uniq_prince_ribbit1
Temple:   eino_wide_crystal_templ
Sewer:    sewer_fruit_machine

Skill      XL: |  1  2  3  4  5  6  7  8  9 |
---------------+----------------------------+-----
Fire Magic     | 4 5 6 7 9 |  9.9
Stealth        | 3 4 |  4.4
Spellcasting   | 4 5 6 7 9 11 | 11.6
Dodging        | 3 4 5 |  5.9
Conjurations   | 2 3 4 6 8 |  8.8
Hexes          | 2 |  2.5
Fighting       | |  0.3

Action                   |  1- 3 |  4- 6 |  7- 9 | 10-12 || total
-------------------------+-------+-------+-------+-------++-------
Melee: Unarmed           |       |     2 |     5 |       ||     7
 Cast: Flame Tongue      |    45 |   167 |   177 |    16 ||   405
       Inner Flame       |       |     2 |     7 |     2 ||    11
       Conjure Flame     |       |     3 |    13 |     1 ||    17
       Sticky Flame      |       |       |    30 |     6 ||    36
       Iskenderun's Myst |       |       |    10 |    12 ||    22
       Fireball          |       |       |     1 |       ||     1
  Use: Scroll            |     4 |     2 |     5 |     5 ||    16
       Potion            |     1 |     5 |       |     2 ||     8
  Eat: Chunk             |       |     9 |     8 |     2 ||    19
       Bread ration      |       |       |     1 |       ||     1
       Royal jelly       |       |       |     1 |       ||     1
Armor: Robe              |     2 |     8 |    11 |     2 ||    23
       Animal skin       |       |     6 |    16 |       ||    22
Dodge: Dodged            |    10 |    26 |    74 |    13 ||   123

Table legend:
 A = Spawn XP
 B = Non-spawn XP
 C = Spawn XP percentage of total XP
 D = Spawn monster count
 E = Non-spawn monster count
 F = Spawn count percentage of total count
 G = Total turns spent on level
                    A         B        C        D         E        F      G
               +---------+---------+-------+---------+---------+-------+---------
         Total |       0 |    8238 |   0.0 |       0 |     220 |   0.0 |  8652
               +---------+---------+-------+---------+---------+-------+---------
           D:1 |       0 |      26 |   0.0 |       0 |      19 |   0.0 |   553
           D:2 |       0 |      42 |   0.0 |       0 |      18 |   0.0 |   853
           D:3 |       0 |     355 |   0.0 |       0 |      39 |   0.0 |  1113
           D:4 |       0 |     940 |   0.0 |       0 |      22 |   0.0 |  1065
           D:5 |       0 |     259 |   0.0 |       0 |      13 |   0.0 |   556
           D:6 |       0 |    1079 |   0.0 |       0 |      28 |   0.0 |  1031
           D:7 |       0 |    2494 |   0.0 |       0 |      47 |   0.0 |  1759
           D:8 |       0 |    2952 |   0.0 |       0 |      12 |   0.0 |   744
         Sewer |       0 |      91 |   0.0 |       0 |      22 |   0.0 |   907
               +---------+---------+-------+---------+---------+-------+---------
